 Dungeon Crawl Stone Soup version 0.17-a0-18-gc25b939 (console) character file.

248 Monkaria the Skirmisher (level 5, -3/50 HPs)
             Began as a Minotaur Chaos Knight on Mar 6, 2015.
             Killed by divine providence
             ... invoked by an orc priest
              (14 damage)
             ... on level 2 of the Dungeon.
             The game lasted 00:05:10 (1769 turns).

Monkaria the Skirmisher (Minotaur Chaos Knight)     Turns: 1769, Time: 00:05:10

Health: -3/50      AC:  6    Str: 16    XL:     5   Next: 86%
Magic:  2/2        EV: 12    Int:  9    God:    Xom [..*...]
Gold:   58         SH:  0    Dex: 11    Spells: 0 memorised, 4 levels left

rFire  . . .     SeeInvis .     a - +0 falchion (chaos)
rCold  . . .     Clarity  .     b - +2 leather armour
rNeg   + . .     SustAb   .     (no shield)
rPois  .         Gourm    .     (helmet restricted)
rElec  .         Spirit   .     (no cloak)
rCorr  .         Warding  .     (no gloves)
rMut   .         Stasis   .     (no boots)
MR     .....                    (no amulet)
Stlth  +.........               f - +1 ring of protection
                                e - ring of positive energy

@: not resistant to hostile enchantments, very unstealthy
A: retaliatory headbutt, horns 2
a: Renounce Religion


You were on level 2 of the Dungeon.
You worshipped Xom.
You were a toy of Xom.
You were not hungry.

You visited 1 branch of the dungeon, and saw 3 of its levels.

You collected 58 gold pieces.

Inventory:

Hand weapons
 a - a +0 falchion of chaos (weapon)
Missiles
 l - 15 poisoned needles
Armour
 b - a +2 leather armour (worn)
Jewellery
 e - a ring of positive energy (left hand)
 f - a +1 ring of protection (right hand)
Scrolls
 g - a scroll of blinking {unknown}
 i - 3 scrolls of remove curse {unknown}
 j - a scroll of enchant weapon {unknown}
 k - a scroll of fog {unknown}
 m - a scroll of teleportation {unknown}
 n - a scroll of noise {unknown}
 o - a scroll of immolation {unknown}
 p - 2 scrolls of amnesia {unknown}
Potions
 d - a potion of heal wounds
 h - a potion of degeneration {unknown}
Comestibles
 c - 3 bread rations


   Skills:
 - Level 5.7 Fighting
 - Level 5.0 Long Blades
 - Level 4.0 Armour
 + Level 2.6 Dodging
 - Level 0.1 Stealth


You had 4 spell levels left.
You didn't know any spells.

Dungeon Overview and Level Annotations

Branches:
Dungeon (3/15)

Altars:


Innate Abilities, Weirdness & Mutations

You reflexively headbutt those who attack you in melee.
You have a pair of horns on your head.


Message History

The orc priest hits you.
* * * LOW HITPOINT WARNING * * *
The orc priest calls upon Beogh to heal the orc.
The orc's wounds heal themselves!
You slash the orc!
You kill the orc!
The orc priest's eyes start to glow.
The orc priest misses you. You furiously retaliate!
You headbutt the orc priest, but do no damage.
Things that are here:
a club; a leather armour You barely miss the orc priest.
The orc priest is moderately wounded.
The orc priest hits you but does no damage.
You hit the orc priest but do no damage.
You headbutt the orc priest, but do no damage.
The orc priest is moderately wounded.
The orc priest invokes the aid of Beogh against you.
Something smites you!
You die...

# #.#..#####.#
# #.#..#.....#
## #.#..#.#####
.# #.#..#.#
#### ###.#..#.#
...# #...#..#.#
##.# #.###..#.#
### #.# #.#
#....###.#
#.###.#
#.#....@>#
#.....#
#.#..###o####
####### #.#.##
#....# #.#.#
####.#
#.#.#######.###
#.#.#.........#
#.###.#########
#.....# #######


You could see an orc priest.

Vanquished Creatures
  A blink frog (D:2)
  An adder (D:2)
  A giant mite (D:1)
  2 giant geckos
  4 oozes (D:1)
  An orc (D:2)
  11 hobgoblins
  A quokka (D:2)
  5 bats
  2 giant cockroaches (D:2)
  4 giant newts
  3 goblins
  5 jackals
  2 kobolds (D:1)
  5 rats
48 creatures vanquished.

Notes
Turn   | Place    | Note
--------------------------------------------------------------
     0 | D:1      | Monkaria, the Minotaur Chaos Knight, began the quest for the Orb.
     0 | D:1      | Reached XP level 1. HP: 19/19 MP: 1/1
   143 | D:1      | Reached skill level 4 in Fighting
   148 | D:1      | XOM: divination: magic mapping
   192 | D:1      | Reached XP level 2. HP: 16/27 MP: 1/1
   746 | D:1      | Reached XP level 3. HP: 35/35 MP: 2/2
   825 | D:1      | XOM: cast spell 'Summon Butterflies'
   892 | D:1      | XOM: harmless Chrm miscast
  1276 | D:2      | Reached skill level 5 in Fighting
  1316 | D:2      | Noticed a blink frog
  1316 | D:2      | a worm changed into a blink frog
  1319 | D:2      | XOM: divination: detect creatures
  1326 | D:2      | HP: 1/36 [blink frog (11)]
  1328 | D:2      | Killed a blink frog
  1328 | D:2      | Reached skill level 5 in Long Blades
  1328 | D:2      | Reached XP level 4. HP: 29/44 MP: 2/2
  1328 | D:2      | Reached XP level 5. HP: 32/50 MP: 2/2
  1459 | D:2      | XOM: mild Hex miscast
  1569 | D:2      | XOM: harmless Tloc miscast
  1769 | D:2      | Killed from afar by an orc priest

Action                   |  1- 3 |  4- 6 || total
-------------------------+-------+-------++-------
Melee: Falchion          |    94 |    28 ||   122
  Use: Potion            |     1 |       ||     1
 Stab: Petrifying        |     1 |       ||     1
  Eat: Chunk             |       |     3 ||     3
